 Dungeon Crawl Stone Soup version 0.30-a0-715-gdb4ae3ece1 (webtiles) character file.

Game seed: 11758744682559419479

105 voltaire321 the Gusty (level 4, -1/28 HPs)
             Began as an Octopode Air Elementalist on Jan 25, 2023.
             Slain by a phantom (4 damage)
             ... on level 3 of the Dungeon.
             The game lasted 00:05:49 (2561 turns).

voltaire321 the Gusty (Octopode Air Elementalist)   Turns: 2561, Time: 00:05:49

Health: -1/28      AC:  1    Str:  7    XL:     4   Next: 83%
Magic:  4/8        EV: 13    Int: 19    God:
Gold:   156        SH:  0    Dex: 12    Spells: 2/8 levels left

rFire   . . .      SeeInvis .    j - +0 rapier
rCold   . . .      Faith    .    (no shield)
rNeg    . . .      Spirit   .    b - +0 hat
rPois   .          Reflect  .    (no amulet)
rElec   .          Harm     .    (no ring)
rCorr   .          Rampage  .    (no ring)
Will    .....                    (no ring)
Stlth   +++                      (no ring)
HPRegen 0.24/turn                (no ring)
MPRegen 0.11/turn                (no ring)
                                 (no ring)
                                 (no ring)

@: very slightly contaminated
A: almost no armour, amphibious, 8 rings, camouflage 1, gelatinous body 1,
(nimble swimmer 1), tentacles
a: no special abilities


You were on level 3 of the Dungeon.
You visited 1 branch of the dungeon, and saw 3 of its levels.

You collected 156 gold pieces.

Inventory:

Hand Weapons
 j - a +0 rapier (weapon)
 n - a +0 scimitar
Armour
 b - a +0 hat (worn)
Scrolls
 d - a scroll of enchant weapon {unknown}
 f - a scroll of blinking {unknown}
 i - a scroll of brand weapon {unknown}
 k - a scroll of teleportation {unknown}
Potions
 a - a potion of magic
 c - 4 potions of heal wounds {unknown}
 e - a potion of might {unknown}
 g - a potion of ambrosia {unknown}
 h - a potion of cancellation {unknown}
 l - a potion of curing {unknown}
 m - a potion of resistance {unknown}


   Skills:
 + Level 1.6 Fighting
 + Level 2.7 Dodging
 - Level 2.6 Stealth
 + Level 2.6 Spellcasting
 + Level 2.1 Conjurations
 + Level 3.5 Air Magic


You had 2 spell levels left.
You knew the following spells:

 Your Spells              Type           Power      Damage    Failure   Level
a - Shock                 Conj/Air       52%        1d6       4%          1
b - Static Discharge      Conj/Air       26%        2-4/arc   8%          2
c - Swiftness             Air            16%        N/A       11%         3

Your spell library contained the following spells:

 Spells                   Type           Power      Damage    Failure   Level
 Airstrike                Air            8%         2d(2-18)  36%         4


Dungeon Overview and Level Annotations

Branches:
Dungeon (3/15)

Altars:

Shops:
D:1 (


Innate Abilities, Weirdness & Mutations

You cannot wear most types of armour.
You are amphibious.
You can wear up to eight rings at the same time.
Your skin changes colour to match your surroundings (Stealth+).
Your rubbery body absorbs attacks. (AC +1, EV +1)
((You are camouflaged when in or above water. (Stealth+)))
You have tentacles for arms and can constrict up to eight enemies at once.


Message History

Found 6 stones.
Found a stone staircase leading up.
Found a leather armour.
A frilled lizard comes into view.
Aiming: Shock (safe; 4% risk of failure)
Press: ? - help, Q - select action, (/) - cycle Shift-Dir - straight line, f - frilled lizard
Aim: a frilled lizard (asleep, 100% to hit)
The zap hits the frilled lizard.
You kill the frilled lizard!
You now have 145 gold pieces (gained 15).
An endoplasm comes into view.
You hit the endoplasm. You squeeze the endoplasm.
You kill the endoplasm!
You now have 156 gold pieces (gained 11).
Found a scimitar.
Found a robe.
A phantom comes into view.
Found a stone staircase leading down.
You see here a +0 scimitar.
n - a +0 scimitar The phantom hits you!
The phantom blinks!
You blink.
The phantom closely misses you.
You hit the phantom but do no damage. The phantom hits you.
The phantom blinks!
You blink.
You hit the phantom.
The phantom is lightly damaged.
The phantom hits you. The phantom barely misses you.
Casting: Shock (safe; 4% risk of failure)
Confirm with . or Enter, or press ? or * to list all spells.
The phantom is struck by an arc of lightning.
The phantom is moderately damaged.
You are struck by an arc of lightning.
The lightning grounds out.
The phantom hits you!
* * * LOW HITPOINT WARNING * * *
Casting: Static Discharge (safe; 8% risk of failure)
Confirm with . or Enter, or press ? or * to list all spells.
You miscast Static Discharge.
You are very lightly contaminated with residual magic.
Nothing appears to happen.
The phantom hits you.
You die...

.####################
....................###
#####..#######W@.....#
####.......# #.###.#.#
...........# #.# #.# #
####.......# #.# #.#
#.......# #.# #.#
#.......# ... #>#
#.......# .[. #.#
#.......# .. #.#
######.##


You could see a phantom.

Vanquished Creatures
  Natasha (twice) (D:2)
  A gnoll (D:1)
  2 worms
  A dart slug (D:1)
  3 ball pythons (D:1)
  3 bats (D:1)
  7 endoplasms
  2 giant cockroaches (D:1)
  A goblin (D:1)
  3 hobgoblins
  A jackal (D:1)
  3 kobolds (D:1)
  A quokka (D:1)
  5 frilled lizards
  2 rats (D:1)
37 creatures vanquished.

Vanquished Creatures (others)
  A fungus (D:1)
  A plant (D:1)
2 creatures vanquished.

Grand Total: 39 creatures vanquished

Notes
Turn   | Place    | Note
-------+----------+-------------------------------------------
     0 | D:1      | voltaire321 the Octopode Air Elementalist began the quest
                  | for the Orb.
     0 | D:1      | Reached XP level 1. HP: 11/11 MP: 3/3
   104 | D:1      | Found Lebbixzu's Antique Weapon Shop.
   134 | D:1      | Reached XP level 2. HP: 10/18 MP: 0/5
   359 | D:1      | Learned a level 2 spell: Static Discharge
   425 | D:1      | Reached XP level 3. HP: 22/22 MP: 2/6
   472 | D:1      | Found a faded altar of an unknown god.
   532 | D:1      | Reached skill level 1 in Fighting
  1352 | D:2      | Noticed Natasha
  1362 | D:2      | Killed Natasha
  1363 | D:2      | Reached XP level 4. HP: 16/28 MP: 0/7
  1611 | D:2      | Noticed Natasha
  1681 | D:2      | Killed Natasha
  1735 | D:2      | Learned a level 3 spell: Swiftness
  2550 | D:3      | Noticed a phantom
  2561 | D:3      | Slain by a phantom

Illustrated notes

Levels and vault maps discovered:
D:1:      saegor_arrival_simple_b, layout_loops_corners,
          shapermc_ecumenical_altar_mp_urbaneastern, serial_shops, shop,
          minmay_surrounded
D:2:      layout_loops_ring, chequers_jeans, grunt_decor_cap, uniq_natasha
D:3:      layout_loops_ring, marbit_many_paths,
          nicolae_wu_jian_immortal_techniques

Skill      XL: |  1  2  3  4 |
---------------+-------------+-----
Fighting       | 1 |  1.6
Conjurations   | 2 |  2.1
Dodging        | |  2.7
Stealth        | |  2.6
Spellcasting   | |  2.6
Air Magic      | |  3.5

Action                     |  1- 3 |  4- 6 || total
---------------------------+-------+-------++-------
  Melee: Unarmed           |    30 |       ||    30
         Constrict         |     8 |     4 ||    12
         Tentacles         |     7 |     5 ||    12
         Dagger            |     6 |    12 ||    18
         Rapier            |       |     7 ||     7
   Cast: Shock             |    44 |    10 ||    54
         Static Discharge  |       |     2 ||     2
   Stab: Sleeping          |       |     4 ||     4
 Armour: Skin              |    10 |       ||    10
  Dodge: Dodged            |    29 |     4 ||    33

Table legend: (Time is in decaauts)
 A = Elapsed time spent in this place.
 B = Non-inter-level travel time spent in this place.
 C = Inter-level travel time spent in this place.
 D = Time resting spent in this place.
 E = Time spent auto-exploring this place.
 F = Levels seen in this place.
 G = Mean time per level.
                   A        B        C        D        E       F      G
               +--------+--------+--------+--------+--------+-----+--------+
         Total |   2560 |   2526 |     34 |    226 |   1882 |   3 |  853.3 |
       Dungeon |   2560 |   2526 |     34 |    226 |   1882 |   3 |  853.3 |
               +--------+--------+--------+--------+--------+-----+--------+

Top non-repeatable levels by time:
     D:1: 1319 daAuts
     D:2: 869 daAuts
     D:3: 371 daAuts
